 Dungeon Crawl Stone Soup version 0.31-a0-1237-gabc64e778c (webtiles) character file.

Game seed: 7247710114412419695

121 gelatine the Trooper (level 4, 0/37 HPs)
             Began as a Demonspawn Fighter on Dec 16, 2023.
             Slain by a gnoll bouda
             ... wielding a +0 club
              (7 damage)
             ... on level 4 of the Dungeon.
             The game lasted 00:04:31 (2545 turns).

gelatine the Trooper (Demonspawn Fighter)           Turns: 2545, Time: 00:04:32

Health: 0/37       AC:  6    Str: 19    XL:     4   Next: 76%
Magic:  4/4        EV: 14    Int:  8    God:
Gold:   175        SH:  4    Dex: 12    Spells: 3/3 levels left

rFire   . . .        l - +0 hand axe
rCold   . . .        c - +0 buckler
rNeg    . . .        b - +0 scale mail
rPois   .            (no helmet)
rElec   .            (no cloak)
rCorr   .            (no gloves)
SInv    .            (no boots)
Will    .....        o - amulet of magic regeneration Stlth
                     k - +5 ring of evasion
HPRegen 0.26/turn    (no ring)
MPRegen 0.58/turn

%: no passive effects
@: weakened
A: spiny 1, magic regeneration
a: no special abilities


You were on level 4 of the Dungeon.
You visited 1 branch of the dungeon, and saw 4 of its levels.

You collected 175 gold pieces.

Inventory:

Hand Weapons
 a - a +0 war axe
 e - a +1 dagger of speed
 i - a +0 war axe
 l - a +0 hand axe (weapon)
 t - a +0 rapier
Missiles
 p - 2 boomerangs
Armour
 b - a +0 scale mail (worn)
 c - a +0 buckler (worn)
 u - a +0 plate armour
Jewellery
 k - a +5 ring of evasion (left hand)
 o - an amulet of magic regeneration (around neck)
Wands
 q - a wand of digging (3)
Scrolls
 h - a scroll of teleportation {unknown}
 j - a scroll of amnesia {unknown}
 m - a scroll of immolation {unknown}
 n - a scroll of noise {unknown}
 s - a scroll of vulnerability {unknown}
 v - a scroll of blinking {unknown}
Potions
 d - a potion of might
 f - a potion of brilliance {unknown}
 g - a potion of enlightenment {unknown}
 r - 3 potions of curing {unknown}


   Skills:
 * Level 3.8 Fighting
 + Level 2.3 Axes
 * Level 3.2 Armour
 * Level 1.6 Dodging
 * Level 3.2 Shields


You had 3 spell levels left.
You didn't know any spells.
Your spell library contained the following spells:

 Spells                   Type           Power      Damage    Failure   Level
 Apportation              Tloc           0%         N/A       85%         1
 Necrotise                Necr           0%         1d4       85%         1
 Summon Small Mammal      Summ           0%         N/A       85%         1


Dungeon Overview and Level Annotations

Branches:
Dungeon (4/15)
 Temple: D:4-7

Altars:
Gozag
Ru
Xom
Yredelemnul


Innate Abilities, Weirdness & Mutations

You are partially covered in sharp spines.
You regenerate magic rapidly.


Message History

You feel your attacks grow feeble.
You barely miss the gnoll bouda.
The gnoll bouda is moderately wounded.
The gnoll bouda gazes fiercely through you!
You feel as though you will be weak longer.
The gnoll bouda misses you.
You barely miss the gnoll bouda.
The gnoll bouda is moderately wounded.
The gnoll bouda calls upon its god to heal the gnoll.
The gnoll's wounds heal themselves!
A gnoll comes into view. It is wielding a +0 whip.
You hit the gnoll bouda but do no damage.
The gnoll bouda is moderately wounded.
The gnoll bouda is struck by your spines.
The gnoll bouda hits you with a +0 club!
You hit the gnoll bouda.
The gnoll bouda is heavily wounded.
The gnoll bouda gazes fiercely through you!
You feel as though you will be weak longer.
The gnoll bouda hits you with a +0 club!
* * * LOW HITPOINT WARNING * * *
You barely miss the gnoll bouda.
The gnoll bouda is heavily wounded.
The gnoll bouda is struck by your spines.
The gnoll bouda misses you.
The gnoll bouda is struck by your spines.
The gnoll bouda closely misses you.
A gnoll comes into view. It is wielding a +0 club.
You closely miss the gnoll bouda.
The gnoll bouda is almost dead.
The gnoll bouda hits you with a +0 club.
* * * LOW HITPOINT WARNING * * *
The gnoll bouda attacks as it pursues you!
The gnoll bouda is struck by your spines.
The gnoll bouda closely misses you.
The gnoll bouda gazes fiercely through you!
You feel as though you will be weak longer.
The gnoll bouda attacks as it pursues you!
The gnoll bouda hits you with a +0 club!
You die...

######## #......#
#......#
######......#########
.....................
#######......##########.
#.......................
#.###.###.......#####.#.
#.<.......@g.g.g.#
#.............###.#
................g.....
#...........###########.#
#............. ...
##...########## ### #...
....


You could see a gnoll bouda and 3 gnolls.

Vanquished Creatures
  An orc wizard (D:3)
  3 adders
  A dart slug (D:2)
  4 orcs (D:3)
  3 bats
  6 endoplasms
  4 giant cockroaches
  10 goblins
  A hobgoblin (D:2)
  8 jackals (D:2)
  3 quokkas
  6 ball pythons
  2 frilled lizards
  4 kobolds
  3 rats
59 creatures vanquished.

Notes
Turn   | Place    | Note
-------+----------+-------------------------------------------
     0 | D:1      | gelatine the Demonspawn Fighter began the quest for the
                  | Orb.
     0 | D:1      | Reached XP level 1. HP: 18/18 MP: 1/1
   260 | D:1      | Gained mutation: You regenerate magic rapidly. [demonic
                  | ancestry]
   260 | D:1      | Reached XP level 2. HP: 18/24 MP: 2/2
   773 | D:2      | Gained mutation: You are partially covered in sharp spines.
                  | [demonic ancestry]
   773 | D:2      | Reached XP level 3. HP: 28/29 MP: 3/3
   791 | D:2      | Found an opulent altar of Gozag.
   848 | D:2      | Found a faded altar of an unknown god.
  1155 | D:2      | Reached skill level 1 in Dodging
  1497 | D:3      | Reached XP level 4. HP: 30/37 MP: 4/4
  1616 | D:3      | Found a faded altar of an unknown god.
  1616 | D:3      | Found a basalt altar of Yredelemnul.
  1623 | D:3      | Found an opulent altar of Gozag.
  1625 | D:3      | Found a faded altar of an unknown god.
  1627 | D:3      | Found a sacrificial altar of Ru.
  2101 | D:3      | Found a shimmering altar of Xom.
  2545 | D:4      | Slain by a gnoll bouda

Illustrated notes

Levels and vault maps discovered:
D:1:      noname_arrival_rooms_in_the_neighbourhood, layout_basic, hex_medium,
          corexii_leaking_fountain
D:2:      layout_basic, basic_altar, hellmonk_ecumenical_altar_heavens_door,
          kennysheep_crisscross
D:3:      layout_loops_ring, nicolae_overflow_hidden_temple,
          chequers_temple_overflow_minitemple, serial_bayou_pond_d,
          chequers_serial_rivers_large_b
D:4:      layout_basic, makhleb_altar_promises_db, minmay_temple_entry_trees,
          ebering_ghost_disaster_area, chequers_big_river

Skill      XL: |  1  2  3 |
---------------+----------+-----
Armour         | 3 |  3.2
Axes           | 2 |  2.3
Shields        | 3 |  3.2
Dodging        | 1 |  1.6
Fighting       | |  3.8

Action                     |  1- 3 |  4- 6 || total
---------------------------+-------+-------++-------
  Melee: War axe           |    67 |       ||    67
         Hand axe          |    40 |    44 ||    84
 Armour: Scale mail        |    80 |    16 ||    96
  Dodge: Dodged            |    44 |    28 ||    72
  Block: Buckler           |    20 |     5 ||    25

Table legend: (Time is in decaauts)
 A = Elapsed time spent in this place.
 B = Non-inter-level travel time spent in this place.
 C = Inter-level travel time spent in this place.
 D = Time resting spent in this place.
 E = Time spent auto-exploring this place.
 F = Levels seen in this place.
 G = Mean time per level.
                   A        B        C        D        E       F      G
               +--------+--------+--------+--------+--------+-----+--------+
         Total |   2619 |   2414 |    205 |      0 |   1898 |   4 |  654.8 |
       Dungeon |   2619 |   2414 |    205 |      0 |   1898 |   4 |  654.8 |
               +--------+--------+--------+--------+--------+-----+--------+

Top non-repeatable levels by time:
     D:3: 1103 daAuts
     D:2: 741 daAuts
     D:1: 730 daAuts
     D:4: 44 daAuts
